 Dungeon Crawl Stone Soup version 0.18.1-50-g88ac8fd (webtiles) character file.

1691 KarmaPolice the Shield-Bearer (level 8, -1/73 HPs)
             Began as a Deep Dwarf Fighter on Oct 4, 2016.
             Was an Initiate of Gozag.
             Slain by a minotaur
             ... wielding a +5 war axe of freezing
             ... created by the fury of Okawaru
              (5 damage)
             ... on level 6 of the Dungeon.
             The game lasted 01:05:50 (6482 turns).

KarmaPolice the Shield-Bearer (Deep Dwarf Fighter)  Turns: 6482, Time: 01:05:53

Health: -1/73      AC:  8    Str: 26      XL:     8   Next: 72%
Magic:  8/8        EV: 11    Int: 12      God:    Gozag
Gold:   393        SH: 11    Dex: 11 (13) Spells: 0 memorised, 7 levels left

rFire  . . .     SeeInvis .     X - +4 falchion (holy)
rCold  . . .     Gourm    .     b - +0 scale mail
rNeg   . . .     Faith    .     c - +0 shield
rPois  .         Spirit   .     (no helmet)
rElec  .         Dismiss  .     (no cloak)
rCorr  .         Reflect  .     H - +0 pair of gloves
SustAt .         Harm     .     (no boots)
MR     ++...                    (no amulet)
Stlth  +.........               R - +6 ring of strength
                                x - ring of protection from magic

@: non-regenerating, very resistant to hostile enchantments, very unstealthy
A: damage resistance, recharge devices, clever 1, sense surroundings 1, slow
regeneration 3, wild magic 1
a: Device Recharging, Potion Petition, Call Merchant, Bribe Branch, Renounce
Religion


You were on level 6 of the Dungeon.
You worshipped Gozag.
Gozag was noncommittal.
You were not hungry.

You visited 2 branches of the dungeon, and saw 7 of its levels.

You collected 439 gold pieces.
You paid 46 gold pieces to Gozag.

Inventory:

Hand Weapons
 a - a +0 long sword
 l - a +0 great mace
 p - a +0 shortbow
 w - a +0 falchion
 y - a +0 scythe
 B - a +0 mace
 C - a +0 halberd
 E - a +0 rapier
 J - a +0 great sword
 K - a +0 war axe
 N - a +0 flail
 P - a +0 shortbow
 S - a +0 war axe
 V - a cursed -2 morningstar
 X - a +4 falchion of holy wrath (weapon)
 Z - a +0 trident
Missiles
 j - 57 bolts
 r - 253 arrows
 D - 6 poisoned needles
Armour
 b - a +0 scale mail (worn)
 c - a +0 shield (worn)
 n - a +1 chain mail
 q - a +0 ring mail
 s - a cursed +0 pair of gloves
 H - a +0 pair of gloves (worn)
 W - a +0 scale mail
Jewellery
 x - a ring of protection from magic (left hand)
 R - a +6 ring of strength (right hand)
Wands
 e - a wand of heal wounds (0/9)
 v - a wand of disintegration (12/24)
 z - a wand of iceblast (8/15)
Scrolls
 g - a scroll of noise
 h - 3 scrolls of identify
 k - 2 scrolls of blinking
 m - a scroll of fear
 F - 4 scrolls of teleportation
 L - 3 scrolls of remove curse
 M - 2 scrolls of enchant weapon
 O - a scroll of immolation
Potions
 d - a potion of might
 o - 2 potions of cancellation
 t - a potion of curing
 u - a potion of lignification {unknown}
 G - 3 potions of mutation
Comestibles
 f - a bread ration
 i - a slice of pizza
 A - a royal jelly
 T - 2 meat rations


   Skills:
 + Level 4.4 Fighting
 + Level 4.7 Long Blades
 + Level 5.8 Armour
 + Level 6.2 Dodging
 + Level 2.4 Stealth
 + Level 6.8 Shields
 + Level 0.6 Evocations


You had 7 spell levels left.
You didn't know any spells.

Dungeon Overview and Level Annotations

Branches:
Dungeon (6/15)             Temple (1/1) D:5

Altars:
Ashenzari
Cheibriados
Dithmenos
Elyvilon
Fedhas
Gozag
Makhleb
Nemelex Xobeh
Okawaru
Ru
Sif Muna
Trog
Vehumet
Xom
Yredelemnul
Zin
The Shining One

Shops:
D:4 [   D:6 ?


Innate Abilities, Weirdness & Mutations

You are resistant to damage.
You can recharge devices by infusing magical energy.
You passively map a small area around you.
You do not regenerate naturally.
Your mind is acute. (Int +2)
Your spells are a little harder to cast, but a little more powerful.


Message History

Zapping:
e - a wand of heal wounds (2/9)
Press: ? - help, Shift-Dir - straight line, f - you You feel much better.
This wand has 1 charge left.
The minotaur hits you with a war axe of freezing!!
The minotaur freezes you. The minotaur gores you.
You hit the minotaur but do no damage.
The minotaur is lightly wounded.
You block the orc warrior's attack. The minotaur barely misses you.
The minotaur gores you!
* * * LOW HITPOINT WARNING * * *
Unknown command.
Zapping:
e - a wand of heal wounds (1/9)
Press: ? - help, Shift-Dir - straight line, f - you You feel much better.
This wand has 0 charges left.
You block the orc warrior's attack.
The minotaur hits you with a war axe of freezing!!
* * * LOW HITPOINT WARNING * * *
The minotaur freezes you.
You die...
Your body crumbles into a pile of gold.

, #.# #.##...............
#########.# #.##...........)...
,........[.####.##...........>...
*####........##.##...........###.
##........##.##...........# #.
#.........##..............# #.
####.........#####...........# #.
.............#####{..........# #.
###............H@oo..........# #.
#..........################# ##
#...^......# #..######### #..*
#..* #.. #.. * ,


You could see a minotaur, an orc warrior and an orc priest.

Vanquished Creatures
  Sigmund (D:6)
  Eustachio (D:6)
  A sky beast (D:5)
  A phantom (D:6)
  2 ogres
  4 centaurs
  A giant frog (D:3)
  A scorpion (D:4)
  2 crimson imps
  A giant frog zombie (D:5)
  2 hounds
  A centaur zombie (D:4)
  An orc priest (D:4)
  A giant frog skeleton (D:6)
  An iguana (D:4)
  2 worker ants
  A hound skeleton (D:4)
  4 gnolls (D:6)
  11 adders
  3 shadow imps
  An ooze (D:1)
  2 adder skeletons
  4 worms
  6 giant geckos
  12 orcs
  5 bats (D:3)
  5 giant cockroaches
  6 goblins
  2 hobgoblins
  13 jackals
  3 quokkas (D:3)
  3 ball pythons
  A giant cockroach zombie (D:5)
  2 giant newts
  7 kobolds
  6 rats
  2 plants (D:3)
122 creatures vanquished.

Notes
Turn   | Place    | Note
--------------------------------------------------------------
     0 | D:1      | KarmaPolice the Deep Dwarf Fighter began the quest for the Orb.
     0 | D:1      | Reached XP level 1. HP: 20/20 MP: 1/1
     6 | D:1      | Noticed a black bear
     6 | D:1      | Noticed a hog
     7 | D:1      | Noticed a seven-headed hydra
     7 | D:1      | Noticed a swamp worm
   403 | D:1      | Reached XP level 2. HP: 22/27 MP: 2/2
   632 | D:2      | Reached XP level 3. HP: 18/33 MP: 3/3
   759 | D:2      | Reached skill level 1 in Dodging
  1189 | D:2      | Found an iron altar of Okawaru.
  1211 | D:2      | Became a worshipper of Warmaster Okawaru
  1263 | D:2      | Reached XP level 4. HP: 31/42 MP: 4/4
  1270 | D:2      | Found a shattered altar of Ashenzari.
  1274 | D:2      | Saw a vision of the Shoals and the Spider Nest.
  1274 | D:2      | Noticed a sea snake
  1274 | D:2      | Noticed a merfolk
  1274 | D:2      | Noticed a centaur
  1274 | D:2      | Noticed a wolf spider
  1274 | D:2      | Noticed a merfolk
  1274 | D:2      | Noticed a merfolk
  1274 | D:2      | Noticed a redback
  1274 | D:2      | Noticed a siren
  1274 | D:2      | Noticed a centaur
  1274 | D:2      | Noticed a redback
  1274 | D:2      | Noticed a wasp
  1275 | D:2      | Noticed a wolf spider
  1276 | D:2      | Noticed a siren
  1279 | D:2      | Noticed a redback
  1655 | D:3      | Paralysed by fainting for 11 turns
  1681 | D:3      | Paralysed by fainting for 6 turns
  1899 | D:3      | Noticed a giant frog
  1913 | D:3      | Killed a giant frog
  1913 | D:3      | Reached XP level 5. HP: 20/49 MP: 5/5
  2881 | D:3      | Paralysed by fainting for 12 turns
  3118 | D:4      | Reached skill level 1 in Stealth
  3118 | D:4      | Reached XP level 6. HP: 40/56 MP: 6/6
  3279 | D:4      | Reached * piety under Okawaru
  3361 | D:4      | Reached skill level 5 in Shields
  3458 | D:4      | Found Wirgheb's Antique Armour Emporium.
  4213 | D:5      | Entered Level 5 of the Dungeon
  4300 | D:5      | Reached XP level 7. HP: 28/62 MP: 7/7
  4443 | D:5      | Reached ** piety under Okawaru
  4474 | D:5      | Found a staircase to the Ecumenical Temple.
  4554 | D:5      | Reached skill level 5 in Dodging
  4791 | Temple   | Entered the Ecumenical Temple
  4861 | Temple   | Fell from the grace of Okawaru
  4861 | Temple   | Became a worshipper of Gozag Ym Sagoz the Greedy
  5143 | D:5      | Gained mutation: Your spells are a little harder to cast, but a little more powerful. [potion of mutation]
  5143 | D:5      | Gained mutation: Your mind is acute. (Int +2) [potion of mutation]
  5844 | D:6      | Found Naunisiu's Magic Scroll Shoppe.
  5983 | D:6      | Reached skill level 5 in Armour
  5983 | D:6      | Reached XP level 8. HP: 54/72 MP: 8/8
  6118 | D:6      | Noticed Sigmund
  6129 | D:6      | Killed Sigmund
  6365 | D:6      | Noticed Eustachio
  6433 | D:6      | Killed Eustachio
  6474 | D:6      | Noticed a minotaur
  6482 | D:6      | Slain by a minotaur

Skill      XL: |  1  2  3  4  5  6  7  8 |
---------------+-------------------------+-----
Fighting       | 3 4 |  4.4
Dodging        | 1 2 3 4 5 6 |  6.2
Shields        | 4 5 6 |  6.8
Armour         | 4 5 |  5.8
Stealth        | 1 2 |  2.4
Long Blades    | 3 4 |  4.7
Evocations     | |  0.6

Action                   |  1- 3 |  4- 6 |  7- 9 || total
-------------------------+-------+-------+-------++-------
Melee: Long sword        |   105 |   281 |       ||   386
       Falchion          |       |   111 |   207 ||   318
Evoke: Wand              |     1 |     3 |     6 ||    10
  Use: Scroll            |     2 |     7 |     9 ||    18
       Potion            |       |       |     9 ||     9
 Stab: Invisible         |       |       |     1 ||     1
  Eat: Bread ration      |       |     2 |     1 ||     3
       Beef jerky        |       |     1 |       ||     1
       Meat ration       |       |       |     1 ||     1
Armor: Scale mail        |    65 |   139 |    87 ||   291
Dodge: Dodged            |    45 |   122 |   111 ||   278
Block: Shield            |    70 |   180 |   172 ||   422
